 Dungeon Crawl Stone Soup version 0.25.0-26-g0c896c7088 (webtiles) character file.

Game seed: 8068050277654785410

7623 simples the Destroyer (level 10, -11/80 HPs)
             Began as a Black Draconian Conjurer on July 1, 2020.
             Was a Believer of Vehumet.
             Mangled by a two-headed ogre
             ... wielding a +0 giant spiked club
              (27 damage)
             ... on level 10 of the Dungeon.
             The game lasted 00:25:40 (16751 turns).

simples the Destroyer (Black Draconian Conjurer)   Turns: 16751, Time: 00:25:41

Health: -11/80     AC:  8    Str: 12    XL:     10   Next: 98%
Magic:  13/21      EV: 15    Int: 18    God:    Vehumet [**....]
Gold:   547        SH:  0    Dex: 11    Spells: 17/24 levels left

rFire    + . .     SeeInvis .   x - staff of conjuration
rCold    + . .     Gourm    .   (no shield)
rNeg     . . .     Faith    +   (armour unavailable)
rPois    .         Spirit   .   (helmet restricted)
rElec    +         Reflect  .   F - scarf {rC+ rF+}
rCorr    .         Harm     .   (no gloves)
MR       .....                  k - +0 pair of boots
Stlth    ++........             A - amulet of faith
HPRegen  0.23/turn              (no ring)
MPRegen  0.17/turn              (no ring)

@: no status effects
A: breathe lightning, unfitting armour, electricity resistance, cold-blooded, AC
+7
a: Breathe Lightning, Renounce Religion


You were on level 10 of the Dungeon.
You worshipped Vehumet.
Vehumet was pleased with you.
You were hungry.

You visited 2 branches of the dungeon, and saw 11 of its levels.

You collected 547 gold pieces.

Inventory:

Hand Weapons
 i - a +2 dagger of speed
 y - a +2 dagger of chaos
Armour
 e - a +0 cloak
 k - a +0 pair of boots (worn)
 F - a scarf of resistance (worn)
Magical Staves
 x - an uncursed staff of conjuration (weapon)
Jewellery
 A - an amulet of faith (around neck)
Wands
 n - a wand of flame (46)
 p - a wand of digging (7)
 q - a wand of polymorph (1)
Scrolls
 d - 4 scrolls of amnesia
 g - a scroll of fear
 h - a scroll of magic mapping
 j - 3 scrolls of teleportation
 m - a scroll of identify
 o - a scroll of remove curse
 s - a scroll of noise
 u - a scroll of silence
 v - 3 scrolls of enchant weapon
 B - 4 scrolls of immolation {unknown}
 E - a scroll of blinking {unknown}
Potions
 a - 4 potions of heal wounds
 c - 2 potions of ambrosia
 f - a potion of resistance {unknown}
 l - 2 potions of flight {unknown}
 r - 2 potions of curing
 t - a potion of berserk rage {unknown}
 w - a potion of lignification {unknown}
 z - a potion of might {unknown}
 C - a potion of haste {unknown}
 G - a potion of brilliance {unknown}
Comestibles
 b - 20 rations
 D - 6 chunks of flesh


   Skills:
 + Level 4.6 Fighting
 + Level 7.7 Dodging
 - Level 4.1 Stealth
 + Level 7.8 Spellcasting
 + Level 9.2 Conjurations
 - Level 4.8 Summonings
 - Level 5.8 Air Magic


You had 17 spell levels left.
You knew the following spells:

 Your Spells              Type           Power        Failure   Level  Hunger
a - Magic Dart            Conj           ####         1%          1    None
b - Searing Ray           Conj           ######       1%          2    None
c - Summon Lightning Spi  Summ/Air       ####....     11%         4    ###....

Your spell library contained the following spells:

 Spells                   Type           Power        Failure   Level  Hunger
 Ignite Poison            Fire/Tmut/Pois #.......     30%         3    #......
 Summon Small Mammal      Summ           ###.         1%          1    None
 Call Imp                 Summ           ###.....     1%          2    None
 Call Canine Familiar     Summ           ###.....     4%          3    #......
 Dazzling Flash           Conj/Hex       #####.       4%          3    #......
 Animate Skeleton         Necr           N/A          10%         1    None
 Pain                     Necr           #...         10%         1    None
 Summon Guardian Golem    Hex/Summ       ###.....     11%         3    #......
 Fulminant Prism          Conj/Hex       #####.....   14%         4    ###....
 Iskenderun's Mystic Bla  Conj/Tloc      #####...     14%         4    ###....
 Vampiric Draining        Necr           #.........   30%         3    #......
 Summon Ice Beast         Ice/Summ       ###.....     36%         4    ###....
 Animate Dead             Necr           N/A          69%         4    ###....
 Agony                    Necr           #.......     95%         5    #####..


Dungeon Overview and Level Annotations

Branches:
Dungeon (10/15)            Temple (1/1) D:4            Lair (0/6) D:10
    Orc: D:9-12

Altars:
Ashenzari
Cheibriados
Dithmenos
Elyvilon
Fedhas
Gozag
Hepliaklqana
Kikubaaqudgha
Makhleb
Nemelex Xobeh
Okawaru
Qazlal
Ru
Sif Muna
Trog
Uskayaw
Vehumet
Xom
Yredelemnul
Zin
The Shining One

Annotations:
D:3 exclusion: downstairs
D:4 1 exclusion, Duvessa
D:10 Harold


Innate Abilities, Weirdness & Mutations

You can breathe wild blasts of lightning.
Your glossy black scales are hard. (AC +7)
You cannot fit into any form of body armour.
You are resistant to electric shocks. (rElec)
You are cold-blooded and may be slowed by cold attacks.


Message History

Your lightning spire shoots out a bolt of lightning at the two-headed ogre!
The bolt of electricity hits the two-headed ogre!
There is a stone staircase leading down here.
Some of the chunks of flesh in your inventory have rotted away.
There is an open door here.
Casting: Summon Lightning Spire (dangerous; 11% risk of failure)
Confirm with . or Enter, or press ? or * to list all spells.
An electric hum fills the air.
You are feeling hungry.
The two-headed ogre hits you with a +0 giant spiked club!
The two-headed ogre hits you with a +0 giant club.
Things that are here:
an arrow; a cursed -2 short sword
Casting: Summon Lightning Spire (dangerous; 11% risk of failure)
Confirm with . or Enter, or press ? or * to list all spells.
An electric hum fills the air.
The two-headed ogre hits you with a +0 giant spiked club!
* * * LOW HITPOINT WARNING * * *
The two-headed ogre hits you with a +0 giant club!!
You die...

......8##...................##..#
#####..##...................##..#
#.....##..........######........
#.###.##..........######........
#.# #.##.......≈≈......#....≈...
##.###..#......≈≈≈..^......).....
##............(≈≈≈....#.#........
#######.......8....##............
# #...[.........@................
# #.####...#.####O......##.......
# ##..#.# #(##########+#### ###
#..#.# #.# ..# ##.#.# #.# ..#
##...## #.# ..# #.....#
#.############# ..# #.....#
#.............. ..# #.....#
#######.######


You could see a two-headed ogre and a friendly lightning spire (summoned).

Vanquished Creatures
  2 death yaks (D:10)
  Psyche (D:8)
  A gargoyle (D:10)
  A troll (D:10)
  2 hippogriffs
  Sigmund (D:4)
  A wyvern (D:10)
  A yak (D:10)
  Edmund (D:4)
  A black bear (shapeshifter) (D:9)
  3 black bears
  3 orc warriors
  4 ogres
  A centaur (D:10)
  6 bullfrogs
  A big kobold (D:7)
  2 wyvern skeletons
  4 scorpions
  8 killer bees
  3 wights (D:10)
  2 howler monkeys
  A bullfrog zombie (D:7)
  7 crimson imps
  A bullfrog skeleton (D:9)
  2 orc priests
  2 hounds
  An iguana (D:4)
  12 orc wizards
  6 worker ants
  A hound zombie (D:9)
  3 hound skeletons
  8 adders
  4 gnolls (D:8)
  3 shadow imps
  2 oozes
  An adder zombie (D:5)
  5 worms
  2 dart slugs
  6 leopard geckos
  30 orcs
  5 giant cockroaches
  5 goblins
  6 hobgoblins
  12 jackals
  3 quokkas
  A ball python skeleton (D:4)
  9 bats
  4 frilled lizards
  11 kobolds
  A quokka skeleton (D:9)
  9 rats
212 creatures vanquished.

Vanquished Creatures (collateral kills)
  2 death yaks (D:9)
  A two-headed ogre (D:9)
  A troll (D:9)
  A big kobold (D:10)
  A howler monkey (D:10)
  An orc wizard (D:9)
  A howler monkey skeleton (D:9)
  An orc (D:9)
  3 kobolds (D:10)
12 creatures vanquished.

Grand Total: 224 creatures vanquished

Notes
Turn   | Place    | Note
-------+----------+-------------------------------------------
     0 | D:1      | simples the Draconian Conjurer began the quest for the Orb.
     0 | D:1      | Reached XP level 1. HP: 14/14 MP: 3/3
   809 | D:1      | Reached XP level 2. HP: 20/20 MP: 1/5
   949 | D:1      | Learned a level 2 spell: Searing Ray
  1625 | D:2      | Reached XP level 3. HP: 26/26 MP: 1/6
  1626 | D:2      | Found a shimmering blue altar of Sif Muna.
  3102 | D:3      | Reached XP level 4. HP: 24/33 MP: 2/8
  4021 | D:3      | Reached XP level 5. HP: 38/38 MP: 6/9
  4571 | D:4      | Found a radiant altar of Vehumet.
  4571 | D:4      | Found a bloodstained altar of Trog.
  4578 | D:4      | Found a glowing silver altar of Zin.
  4580 | D:4      | Became a worshipper of Vehumet
  4584 | D:4      | Found a burning altar of Makhleb.
  4585 | D:4      | Found a sacrificial altar of Ru.
  4658 | D:4      | Noticed Edmund
  5176 | D:4      | Reached skill level 5 in Conjurations
  5176 | D:4      | Reached XP level 6. HP: 25/45 MP: 2/11
  5322 | D:4      | Found a bloodstained altar of Trog.
  5947 | D:4      | Noticed Sigmund
  5966 | D:4      | Killed Sigmund
  5966 | D:4      | Your scales start taking on a glossy black colour.
  5966 | D:4      | Reached XP level 7. HP: 50/50 MP: 4/12
  5966 | D:4      | Gained mutation: You are resistant to electric shocks.
                  | (rElec) [Black Draconian growth]
  6376 | D:4      | Found a staircase to the Ecumenical Temple.
  6385 | Temple   | Entered the Ecumenical Temple
  6839 | D:4      | Killed Edmund
  6839 | D:4      | Reached skill level 6 in Conjurations
  6978 | D:4      | Noticed Duvessa
  7013 | D:5      | Entered Level 5 of the Dungeon
  7060 | D:5      | Found a blossoming altar of Fedhas.
  7526 | D:5      | Found a radiant altar of Vehumet.
  7624 | D:5      | Found a stormy altar of Qazlal.
  8008 | D:5      | Learned a level 4 spell: Summon Lightning Spire
  8315 | D:6      | Reached XP level 8. HP: 57/57 MP: 11/15
  8368 | D:6      | Found a shadowy altar of Dithmenos.
  8467 | D:6      | Reached skill level 1 in Air Magic
  8483 | D:6      | Reached skill level 5 in Spellcasting
  8483 | D:6      | Reached skill level 1 in Summonings
  8589 | D:6      | Reached * piety under Vehumet
  8589 | D:6      | Offered knowledge of Shock by Vehumet.
  8847 | D:6      | Reached skill level 5 in Dodging
  9022 | D:6      | Found a hide-covered altar of Uskayaw.
  9025 | D:6      | Found a bloodstained altar of Trog.
 10003 | D:7      | Reached skill level 7 in Conjurations
 10232 | D:7      | Noticed a hippogriff
 10283 | D:7      | Killed a hippogriff
 10283 | D:7      | Reached XP level 9. HP: 59/62 MP: 10/17
 12230 | D:8      | Noticed Psyche
 12241 | D:8      | Killed Psyche
 12241 | D:8      | Reached skill level 5 in Air Magic
 12358 | D:8      | Identified a scroll of acquirement
 13081 | D:9      | Noticed a troll
 13092 | D:9      | Killed a troll
 13259 | D:9      | Noticed a two-headed ogre
 13265 | D:9      | Killed a two-headed ogre
 13265 | D:9      | Reached skill level 8 in Conjurations
 13265 | D:9      | Reached XP level 10. HP: 69/69 MP: 13/20
 13524 | D:9      | Reached skill level 1 in Fighting
 13974 | D:10     | Entered Level 10 of the Dungeon
 13984 | D:10     | Reached ** piety under Vehumet
 13984 | D:10     | Offered knowledge of Foxfire by Vehumet.
 14629 | D:10     | Noticed a death yak
 14630 | D:10     | Found a staircase to the Lair.
 14650 | D:10     | Killed a death yak
 15012 | D:10     | Noticed a death yak
 15015 | D:10     | Noticed a death yak
 15042 | D:10     | Noticed a death yak
 15071 | D:10     | Killed a death yak
 15188 | D:10     | Noticed a death yak
 15268 | D:9      | HP: 3/77 [death yak (10)]
 15753 | D:9      | Killed a death yak
 16052 | D:9      | Killed a death yak
 16052 | D:9      | Reached skill level 9 in Conjurations
 16512 | D:10     | Noticed a gargoyle
 16522 | D:10     | Killed a gargoyle
 16667 | D:10     | Offered knowledge of Ignite Poison by Vehumet.
 16670 | D:10     | Noticed a two-headed ogre
 16674 | D:10     | Noticed Harold
 16751 | D:10     | Mangled by a two-headed ogre

Illustrated notes

Levels and vault maps discovered:
D:1:      psy_arrival_radial01, layout_rooms, minmay_heptomino_h4
D:2:      layout_basic, nicolae_overflow_crystal_walls, first_ration
D:3:      layout_loops_cross
D:4:      layout_cave_pods, lemuel_crystal_altar,
          chequers_temple_overflow_minitemple, temple_green,
          trog_butcher_becter, uniq_pikel, uniq_sigmund, uniq_edmund,
          uniq_duvessa
D:5:      layout_basic, grunt_temple_overflow_forces_of_nature, basic_altar
D:6:      layout_loops_cross, nicolae_dithmenos_the_darkroom, basic_altar,
          trog_ov_bears_minmay
D:7:      layout_rooms
D:8:      layout_cave_pools, kennysheep_generic_room_13, uniq_psyche
D:9:      layout_irregular_city, kennysheep_just_a_vault
D:10:     layout_basic, dpeg_lair_monsters, orc_0_dummy, uniq_harold,
          uniq_gastronok
Temple:   minmay_temple_forest_path

Skill      XL: |  1  2  3  4  5  6  7  8  9 10 |
---------------+-------------------------------+-----
Stealth        | 2 3 4 |  4.1
Dodging        | 2 3 4 5 6 7 |  7.7
Spellcasting   | 3 4 5 6 7 |  7.8
Conjurations   | 5 6 7 8 9 |  9.2
Air Magic      | 3 5 |  5.8
Summonings     | 3 4 |  4.8
Fighting       | 4 |  4.6

Action                   |  1- 3 |  4- 6 |  7- 9 | 10-12 || total
-------------------------+-------+-------+-------+-------++-------
Melee: Unarmed           |     7 |       |       |       ||     7
       Short sword       |     3 |     7 |       |       ||    10
       Tailslap          |       |     5 |     3 |       ||     8
       Dagger            |       |    29 |    26 |       ||    55
       Staff             |       |       |       |     1 ||     1
 Cast: Magic Dart        |    33 |     2 |     9 |     3 ||    47
       Searing Ray       |    23 |    49 |   108 |    38 ||   218
       Summon Lightning  |       |       |     5 |    17 ||    22
 Abil: Breathe Lightning |       |       |     3 |       ||     3
  Use: Scroll            |     1 |     2 |    11 |     1 ||    15
       Potion            |       |       |       |     1 ||     1
  Eat: Chunk             |     8 |    10 |    25 |     6 ||    49
       Ration            |       |       |       |     2 ||     2
Armor: Skin              |    37 |    28 |    65 |    26 ||   156
Dodge: Dodged            |    53 |    63 |   155 |    77 ||   348
